 Dungeon Crawl Stone Soup version 0.20-b1-24-gb21faa7 (webtiles) character file.

1238 Iflex the Spear-Bearer (level 8, 0/60 HPs)
             Began as a Merfolk Gladiator on May 25, 2017.
             Slain by a killer bee (7 damage)
             ... on level 6 of the Dungeon.
             The game lasted 00:24:12 (6551 turns).

Iflex the Spear-Bearer (Merfolk Gladiator)          Turns: 6551, Time: 00:24:13

Health: 0/60       AC:  4    Str: 14    XL:     8   Next: 49%
Magic:  8/8        EV: 16    Int:  8    God:
Gold:   153        SH:  3    Dex: 17    Spells: 7/7 levels left

rFire    . . .     SeeInvis .   a - +0 trident
rCold    . . .     Gourm    .   (no shield)
rNeg     . . .     Faith    .   b - +0 leather armour
rPois    .         Spirit   .   c - +0 helmet
rElec    .         Reflect  +   (no cloak)
rCorr    .         Harm     .   (no gloves)
MR       .....                  p - -1 pair of boots (curse)
Stlth    ++........             B - +3 amulet of reflection
Regen    0.2/turn               (no ring)
MPRegen  0.2/turn               (no ring)

@: very slightly contaminated
A: change form in water, swift swim, stealthy swim
a: no special abilities


You were on level 6 of the Dungeon.
You were not hungry.

You visited 1 branch of the dungeon, and saw 6 of its levels.

You collected 153 gold pieces.

Inventory:

Hand Weapons
 a - a +0 trident (weapon)
 x - a +0 halberd
Missiles
 d - 4 tomahawks (quivered)
Armour
 b - a +0 leather armour (worn)
 c - a +0 helmet (worn)
 p - a cursed -1 pair of boots (worn)
Jewellery
 B - a +3 amulet of reflection (around neck)
Wands
 g - a wand of digging (6/24)
 r - a wand of polymorph (4/24)
Scrolls
 e - 2 scrolls of fog {unknown}
 i - a scroll of blinking
 j - a scroll of remove curse {unknown}
 m - a scroll of recharging {unknown}
 o - 2 scrolls of amnesia {unknown}
 u - a scroll of teleportation {unknown}
 y - a scroll of random uselessness {unknown}
Potions
 k - 2 potions of degeneration
 l - a potion of mutation {unknown}
 n - a potion of might
 q - a potion of brilliance {unknown}
 s - a potion of cancellation {unknown}
 C - a potion of resistance {unknown}
Books
 t - a book of Misfortune

   Spells                             Type                      Level
   a - Confusing Touch                Hexes                        1
   b - Confuse                        Hexes                        3
   c - Gell's Gravitas                Translocation                3
   d - Petrify                        Transmutation/Earth          4
   e - Metabolic Englaciation         Hexes/Ice                    5
   f - Yara's Violent Unravelling     Hexes/Transmutation          5
 z - a book of Flames

   Spells                             Type                      Level
   a - Flame Tongue                   Conjuration/Fire             1
   b - Throw Flame                    Conjuration/Fire             2
   c - Conjure Flame                  Conjuration/Fire             3
   d - Inner Flame                    Hexes/Fire                   3
   e - Sticky Flame                   Conjuration/Fire             4
   f - Fireball                       Conjuration/Fire             5
Comestibles
 f - 3 bread rations
 v - a royal jelly
 w - a meat ration
 A - 3 fruits


   Skills:
 + Level 4.1 Fighting
 + Level 10.2 Polearms
 + Level 2.8 Throwing
 + Level 3.1 Armour
 + Level 6.3 Dodging
 + Level 2.6 Stealth


You had 7 spell levels left.
You didn't know any spells.

Dungeon Overview and Level Annotations

Branches:
Dungeon (6/15)
 Temple: D:4-7

Altars:

Annotations:
D:5 Dowan, Duvessa


Message History

As you read the scroll of blinking, it crumbles to dust.
There is a stone staircase leading down here.
The killer bee closely misses you. You block the killer bee's attack.
You climb downwards.
A scorpion and an orc come into view.
Found a bread ration.
There is a stone staircase leading up here.
You feel better. The killer bee closely misses you. The killer bee misses you.
You are too injured to fight recklessly!
You are too injured to fight recklessly!
You are too injured to fight recklessly!
You puncture the killer bee!
The killer bee is heavily wounded.
The killer bee misses you.
You miss the killer bee.
The killer bee is heavily wounded.
The killer bee stings you.
* * * LOW HITPOINT WARNING * * *
The killer bee stings you!
You die...

###.. .##
....###...
#.........
#.........
#.........
#.........
#.y.....o.
#.@.......
#.........
#...%.....
#.........
.####.####
#. .# #s #
..


You could see a scorpion, a killer bee and an orc.

Vanquished Creatures
  2 phantoms
  A sky beast (D:5)
  2 ogres
  An ice beast (D:5)
  2 centaurs (D:5)
  A howler monkey (D:5)
  A jelly (D:4)
  3 orc priests (D:4)
  A bullfrog skeleton (D:4)
  An orc wizard (D:4)
  Jessica (D:3)
  Terence (D:3)
  An iguana (D:4)
  A worker ant (D:4)
  Robin (D:2)
  7 gnolls
  4 adders
  A dart slug (D:4)
  4 leopard geckos
  13 orcs
  2 ball pythons
  3 giant cockroaches
  9 goblins
  16 hobgoblins
  6 jackals
  2 quokkas
  8 bats
  4 frilled lizards
  5 kobolds
  2 leopard gecko skeletons
  6 rats
112 creatures vanquished.

Notes
Turn   | Place    | Note
-------+----------+-------------------------------------------
     0 | D:1      | Iflex the Merfolk Gladiator began the quest for the Orb.
     0 | D:1      | Reached XP level 1. HP: 16/16 MP: 1/1
   343 | D:1      | Reached XP level 2. HP: 19/22 MP: 2/2
   901 | D:2      | Reached XP level 3. HP: 15/28 MP: 3/3
  1020 | D:1      | Reached skill level 5 in Polearms
  1316 | D:2      | Reached skill level 5 in Dodging
  1316 | D:2      | Reached XP level 4. HP: 28/34 MP: 4/4
  1438 | D:2      | Reached skill level 1 in Armour
  1441 | D:2      | Noticed Robin
  1462 | D:2      | Killed Robin
  1825 | D:2      | Reached skill level 6 in Polearms
  2133 | D:3      | Reached XP level 5. HP: 39/39 MP: 5/5
  2158 | D:3      | Noticed Terence
  2180 | D:3      | Killed Terence
  2180 | D:3      | Reached skill level 1 in Stealth
  2416 | D:3      | Noticed Jessica
  2432 | D:3      | Killed Jessica
  2901 | D:4      | Reached XP level 6. HP: 17/46 MP: 6/6
  3244 | D:4      | Reached skill level 7 in Polearms
  3439 | D:4      | Noticed a phantom
  3664 | D:3      | Killed a phantom
  4027 | D:4      | Reached XP level 7. HP: 47/52 MP: 7/7
  4370 | D:4      | Reached skill level 8 in Polearms
  4597 | D:5      | Entered Level 5 of the Dungeon
  4597 | D:5      | Noticed Duvessa
  4606 | D:5      | Noticed Dowan
  5877 | D:5      | Reached skill level 9 in Polearms
  5877 | D:5      | Reached XP level 8. HP: 60/60 MP: 8/8
  6016 | D:5      | Reached skill level 10 in Polearms
  6551 | D:6      | Slain by a killer bee

Skill      XL: |  1  2  3  4  5  6  7  8 |
---------------+-------------------------+-----
Polearms       | 5 6 7 9 10 | 10.2
Dodging        | 5 6 |  6.3
Armour         | 1 2 3 |  3.1
Stealth        | 1 2 |  2.6
Fighting       | 3 4 |  4.1
Throwing       | |  2.8

Action                   |  1- 3 |  4- 6 |  7- 9 || total
-------------------------+-------+-------+-------++-------
Melee: Trident           |    97 |   258 |   165 ||   520
Throw: Throwing net      |       |     9 |     4 ||    13
       Tomahawk          |       |       |     4 ||     4
  Use: Scroll            |       |     1 |     5 ||     6
       Potion            |       |     1 |     4 ||     5
 Stab: Sleeping          |       |     5 |     1 ||     6
       Distracted        |       |     2 |       ||     2
       Held in net/web   |       |     1 |     1 ||     2
  Eat: Chunk             |     1 |     2 |     1 ||     4
       Meat ration       |       |     1 |       ||     1
       Bread ration      |       |     1 |     1 ||     2
Armor: Leather armour    |    28 |    37 |    10 ||    75
Dodge: Dodged            |    72 |   143 |    91 ||   306
Block: Other             |       |       |     8 ||     8
